Map: Eternal Empire LE

Players

Namshar - Winner!

  • Race: Zerg Zerg
  • League: Grandmaster
  • Spawn Location: 1:00

Vindicta

  • Race: Terran Terran
  • League: Master
  • Spawn Location: 7:00

Event: DreamHack SC2 Masters 2020 Fall

VOD

Have the link to the VOD?

Description

Time

  • Played on: Sept. 2, 2020, 4:36 p.m.
  • Length: 27:15

All games in this series

Show
View Real Time Build Order
Export as new Build Order

Namshar Zerg - Winner!

Build Orders: Hatch First, Muta Ling Bane 

Get SALT Encoding   

  12  0:00  Drone  
  13  0:12  Overlord  
  13  0:18  Drone  
  14  0:30  Drone  
  14  0:31  Drone  
  16  0:47  Hatchery  
  15  0:51  Drone  
  15  0:54  Drone  
  17  0:58  Drone  
  18  1:09  Extractor  
  17  1:13  Spawning Pool  
  17  1:16  Drone  
  17  1:20  Drone  
  18  1:28  Drone  
  19  1:38  Drone  
  20  1:50  Drone  
  21  2:00  Queen x2  
  21  2:01  Zergling x4  
  27  2:10  Overlord  
  27  2:12  Drone  
  28  2:17  Metabolic Boost  
  28  2:31  Drone x2  
  30  2:37  Queen x2  
  34  2:45  Overlord  
  34  2:46  Drone  
  35  2:51  Drone  
  36  3:02  Hatchery  
  36  3:04  Drone  
  36  3:06  Drone  
  36  3:11  Drone x2  
  39  3:13  Drone  
  39  3:15  Drone  
  39  3:17  Drone  
  42  3:22  Pneumatized Carapace  
  42  3:24  Drone  
  43  3:28  Overlord  
  43  3:32  Overlord  
  43  3:35  Drone  
  44  3:46  Drone x2  
  44  3:47  Drone x2  
  48  3:49  Drone x4  
  48  3:54  Queen  
  54  4:00  Zergling x6  
  54  4:01  Baneling Nest  
  56  4:10  Zergling x4  
  56  4:14  Queen  
  60  4:20  Drone x6  
  66  4:27  Overlord x2  
  66  4:32  Lair  
  66  4:37  Overlord  
  66  4:41  Extractor  
  66  4:42  Extractor  
  64  4:46  Drone x2  
  66  4:55  Zergling x4, Drone  
  66  4:56  Drone x6  
  75  5:03  Drone x6  
  81  5:10  Overlord  
  82  5:14  Drone x4  
  82  5:16  Extractor x2  
  82  5:21  Hatchery  
  82  5:23  Queen  
  82  5:25  Spore Crawler  
  82  5:26  Extractor  
  82  5:27  Spore Crawler  
  82  5:28  Spore Crawler  
  80  5:32  Drone  
  80  5:33  Drone x7  
  88  5:36  Overlord x2  
  88  5:41  Spire  
  87  5:46  Centrifical Hooks  
  87  5:50  Drone  
  87  5:51  Baneling x2  
  87  5:55  Queen, Drone  
  91  5:59  Queen, Drone  
  95  6:04  Drone  
  95  6:07  Baneling x4  
  95  6:09  Zergling x2  
  95  6:10  Zergling x16  
  95  6:11  Baneling x3  
  104  6:14  Unknown  
  99  6:27  Drone x8  
  99  6:28  Drone x2  
  109  6:34  Overlord  
  109  6:35  Overlord  
  109  6:37  Drone x2  
  109  6:39  Queen, Evolution Chamber  
  110  6:40  Evolution Chamber  
  108  6:58  Mutalisk x9  
  125  7:02  Mutalisk  
  125  7:20  Mutalisk  
  125  7:21  Mutalisk x2  
  121  7:26  Drone x6  
  125  7:32  Unknown  
  125  7:34  Zerg Flyer Weapons Level 1  
  124  7:37  Hatchery, Corruptor  
  125  7:46  Zerg Ground Armor Level 1  
  125  7:47  Zerg Melee Weapons Level 1  
  125  7:51  Overlord x4, Drone x2  
  126  7:52  Overlord  
  126  7:54  Drone x2  
  126  7:58  Overlord  
  128  8:06  Overlord x2  
  128  8:09  Overlord  
  128  8:12  Drone x6  
  134  8:14  Drone x3  
  134  8:15  Drone  
  134  8:18  Mutalisk x6  
  150  8:22  Extractor  
  150  8:25  Zergling x8  
  150  8:26  Extractor  
  152  8:37  Zergling x2  
  152  8:38  Zergling x10, Mutalisk x5  
  168  8:55  Baneling  
  165  8:57  Mutalisk x2, Baneling x5  
  165  9:01  Mutalisk  
  165  9:02  Zergling x8  
  175  9:03  Zergling x14  
  182  9:17  Zergling x12  
  182  9:20  Drone x6  
  186  9:26  Drone x4  
  186  9:30  Drone  
  186  9:31  Drone x3  
  178  9:39  Mutalisk  
  178  9:40  Mutalisk x6  
  178  9:41  Overseer  
  178  9:42  Overseer  
  178  9:43  Zerg Ground Armor Level 2  
  178  9:44  Zerg Melee Weapons Level 2  
  186  9:55  Zerg Flyer Weapons Level 2  
  186  10:00  Spine Crawler, Drone  
  186  10:01  Drone x6  
  186  10:04  Baneling x10  
  190  10:16  Hatchery  
  190  10:17  Zergling x26  
  190  10:20  Mutalisk x5  
  178  10:23  Mutalisk  
  180  10:30  Zergling x2  
  180  10:31  Zergling x22  
  191  10:39  Mutalisk x4  
  199  10:47  Infestation Pit  
  198  10:51  Baneling x7  
  198  10:55  Baneling x6  
  195  11:09  Overlord x2  
  193  11:18  Baneling x11  
  187  11:19  Zergling x20  
  193  11:33  Hive  
  191  11:46  Baneling x10  
  185  11:49  Drone x2  
  185  11:50  Drone  
  188  11:54  Zergling x22  
  188  11:55  Zergling x2  
  188  11:57  Baneling x13  
  188  11:58  Overseer x2  
  199  12:05  Extractor  
  199  12:07  Extractor  
  186  12:38  Mutalisk x12  
  180  12:45  Corruptor x7  
  180  12:50  Baneling x6  
  184  12:54  Corruptor  
  185  12:59  Zergling x14  
  185  13:03  Baneling x8  
  185  13:04  Baneling x3  
  190  13:08  Baneling  
  189  13:14  Zergling x24  
  189  13:16  Zergling x16  
  192  13:22  Zergling x12  
  192  13:23  Zergling x2  
  192  13:24  Zergling x12  
  186  13:31  Zergling x10  
  186  13:33  Adrenal Glands, Zerg Ground Armor Level 3  
  178  13:35  Zergling x2, Ultralisk Cavern  
  178  13:36  Zergling x2  
  178  13:40  Zerg Melee Weapons Level 3  
  173  13:43  Baneling x5  
  173  13:52  Baneling x7  
  173  14:00  Hatchery  
  172  14:04  Unknown, Baneling  
  172  14:06  Burrow, Pathogen Glands  
  172  14:07  Hatchery, Drone x5  
  167  14:17  Spine Crawler  
  167  14:19  Spine Crawler x2  
  167  14:21  Spine Crawler  
  167  14:23  Chitinous Plating  
  157  14:31  Drone x3  
  158  14:36  Ultralisk x3  
  160  14:47  Drone x2  
  161  14:55  Infestor  
  161  14:56  Infestor x2  
  161  14:57  Zergling x12  
  161  14:58  Zergling x6  
  176  15:02  Neural Parasite  
  175  15:28  Drone x8  
  183  15:32  Baneling x3  
  183  15:33  Infestor x6  
  195  15:37  Extractor  
  195  15:40  Spine Crawler  
  195  15:41  Spine Crawler, Extractor  
  195  15:42  Anabolic Synthesis  
  191  15:46  Zerg Flyer Weapons Level 3  
  191  15:58  Infestor  
  191  15:59  Infestor x2  
  191  16:02  Baneling x10  
  197  16:07  Spine Crawler  
  197  16:09  Spore Crawler  
  197  16:11  Zerg Missile Weapons Level 1, Spine Crawler, Drone x5  
  184  16:40  Ultralisk, Baneling  
  184  16:41  Ultralisk  
  196  16:53  Drone x4  
  200  17:06  Hatchery  
  196  17:24  Zergling x2  
  196  17:25  Zergling x4  
  197  17:48  Zergling x4  
  199  17:56  Infestor x12  
  196  18:03  Zergling x32  
  196  18:04  Zergling x4  
  193  18:18  Zergling x20, Ultralisk  
  191  18:28  Baneling x19  
  191  18:29  Ultralisk  
  191  18:33  Baneling x2  
  197  18:37  Hatchery  
  197  18:39  Baneling x10  
  196  18:50  Baneling x5  
  196  18:54  Baneling x3  
  196  18:55  Zergling x14  
  182  19:10  Zergling x2  
  182  19:11  Zergling x18  
  190  19:17  Overseer x3  
  190  19:22  Baneling x2  
  190  19:25  Zergling x20  
  186  19:39  Baneling x9  
  186  19:43  Drone x3  
  186  19:44  Drone x3  
  192  19:47  Greater Spire  
  192  19:54  Baneling x12  
  192  19:58  Corruptor  
  192  19:59  Corruptor x3  
  200  20:01  Baneling x7  
  198  20:27  Spore Crawler  
  197  20:29  Spine Crawler x2  
  195  20:37  Infestor x3  
  195  20:38  Infestor x9, Baneling x4  
  195  20:39  Baneling  
  190  20:51  Zergling x2, Drone  
  170  21:43  Zergling x12  
  170  21:44  Ultralisk x3  
  194  21:49  Spine Crawler  
  193  22:00  Spore Crawler  
  193  22:01  Ultralisk x2, Spine Crawler  
  194  22:02  Overlord x2, Spine Crawler  
  194  22:04  Spine Crawler  
  188  22:16  Extractor x2  
  172  22:26  Ultralisk x4  
  172  22:27  Overlord x2  
  172  22:28  Zerg Flyer Armor Level 1  
  196  22:39  Overlord x2  
  196  23:03  Overseer x3  
  196  23:04  Overseer x3  
  195  23:12  Drone  
  195  23:13  Drone x2  
  179  23:50  Zergling x24  
  179  23:52  Ultralisk  
  179  23:53  Ultralisk x2  
  170  24:06  Ultralisk  
  170  24:07  Drone x2  
  184  24:15  Zergling x20  
  180  24:26  Corruptor x2  
  139  24:32  Ultralisk x3  
  139  24:33  Ultralisk x4  
  139  24:36  Drone x6  
  185  24:40  Overseer  
  185  24:41  Overseer  
  185  24:42  Infestor x2  
  181  24:53  Ultralisk  
  181  24:54  Corruptor x2  
  181  24:59  Zergling x4  
  197  25:14  Queen  
  191  25:24  Zergling x2  
  191  25:25  Zergling x14  
  173  25:44  Zergling x2, Ultralisk x2  
  173  25:45  Zergling x14  
  173  25:47  Corruptor x4  
  166  25:50  Corruptor x3  
  166  25:52  Zergling x24, Ultralisk x2  
  184  26:05  Baneling x10  
  184  26:06  Ultralisk  
  184  26:07  Ultralisk  
  196  26:12  Zergling x8  
  196  26:16  Baneling  
  196  26:17  Baneling x9  
  198  26:29  Drone x5  
  198  26:38  Zergling x18  
  199  26:46  Zergling x2  
  199  26:47  Zergling x18  
Show
View Real Time Build Order
Export as new Build Order

Vindicta Terran 

Build Orders: Reaper Expand 

Get SALT Encoding   

  12  0:00  SCV  
  13  0:12  SCV  
  14  0:17  Supply Depot  
  14  0:25  SCV  
  15  0:38  SCV  
  15  0:40  Barracks  
  16  0:45  Refinery  
  16  0:51  SCV  
  17  1:03  SCV  
  18  1:15  SCV  
  19  1:27  Reaper, Orbital Command  
  20  1:40  Command Center  
  20  1:48  Supply Depot  
  20  1:52  SCV  
  21  1:59  Marine  
  22  2:05  SCV  
  23  2:12  Factory  
  23  2:17  SCV  
  23  2:21  Barracks Reactor  
  24  2:29  SCV  
  25  2:41  SCV  
  25  2:43  Command Center  
  26  2:53  SCV  
  26  2:56  Orbital Command  
  27  3:05  Hellion x2  
  31  3:08  Marine  
  31  3:11  SCV  
  33  3:18  Starport  
  33  3:22  Refinery  
  33  3:23  SCV  
  33  3:25  SCV  
  35  3:32  Hellion  
  35  3:33  Hellion  
  39  3:39  SCV x2, Refinery  
  41  3:51  SCV  
  41  3:55  Orbital Command, Starport Tech Lab  
  43  4:01  Hellion, Fusion Core  
  44  4:04  Hellion  
  44  4:05  SCV  
  44  4:08  SCV  
  48  4:17  SCV  
  48  4:20  SCV  
  48  4:21  SCV  
  48  4:22  Hellion  
  53  4:25  Hellion  
  53  4:29  SCV  
  56  4:37  Supply Depot  
  58  4:40  SCV  
  58  4:51  Hellion  
  58  4:52  Hellion  
  61  4:58  SCV, Battlecruiser  
  61  4:59  SCV  
  69  5:00  Supply Depot  
  69  5:03  Orbital Command  
  69  5:06  Supply Depot x2, Refinery  
  69  5:12  Armory  
  69  5:21  SCV x2  
  69  5:22  Hellion x2  
  69  5:26  Factory  
  69  5:27  Factory  
  75  5:33  SCV  
  75  5:34  SCV x2  
  78  5:44  Hellion, Supply Depot  
  78  5:45  SCV  
  78  5:46  SCV x2  
  83  5:51  Hellion  
  85  5:59  Factory  
  85  6:00  Factory  
  85  6:01  SCV, Supply Depot  
  85  6:04  SCV  
  87  6:06  SCV, Hellion  
  90  6:12  Hellion x5  
  83  6:19  Hellion  
  83  6:20  SCV  
  83  6:21  Factory Tech Lab x2  
  83  6:25  Battlecruiser  
  89  6:30  Terran Vehicle And Ship Armor Level 1  
  89  6:32  SCV x2, Refinery x2  
  90  6:36  Hellion  
  93  6:41  Engineering Bay  
  93  6:42  Cyclone  
  93  6:46  Cyclone  
  98  6:48  SCV x3  
  98  6:51  Armory  
  101  6:57  Hellion  
  101  6:58  Supply Depot  
  101  7:00  SCV x3  
  101  7:01  Factory Reactor, Factory Tech Lab  
  106  7:07  Hellion  
  108  7:12  SCV  
  108  7:14  SCV  
  108  7:17  SCV, Hellion  
  108  7:20  Hellion, Missile Turret x3  
  108  7:22  Hellion  
  107  7:24  SCV  
  107  7:26  SCV  
  107  7:29  SCV  
  110  7:30  Missile Turret  
  110  7:33  Infernal Pre-Igniter  
  114  7:37  Starport Reactor  
  114  7:38  Terran Ship Weapons Level 1, Cyclone  
  114  7:42  Hellion  
  114  7:43  Widow Mine  
  117  7:44  Drilling Claws  
  117  7:45  Cyclone, Widow Mine x2  
  117  7:47  Supply Depot  
  114  7:51  SCV, Supply Depot  
  114  7:54  SCV  
  114  7:56  Missile Turret  
  116  8:02  Sensor Tower  
  116  8:03  Supply Depot  
  117  8:09  SCV, Widow Mine x2, Siege Tank  
  124  8:14  Liberator  
  124  8:16  Liberator  
  130  8:21  Command Center  
  130  8:22  Widow Mine  
  130  8:25  Widow Mine x2  
  138  8:32  Hellion  
  140  8:41  Cyclone  
  141  8:46  Supply Depot  
  141  8:47  Supply Depot, Thor  
  141  8:48  Widow Mine  
  149  8:52  Hellion  
  149  8:53  Hellion x2  
  149  9:08  Hellion, Terran Vehicle And Ship Armor Level 2  
  149  9:09  Hellion  
  153  9:11  Liberator  
  153  9:12  Liberator  
  153  9:15  Hellion  
  153  9:16  Missile Turret  
  163  9:17  Hellion, Missile Turret  
  163  9:18  Missile Turret x2  
  163  9:19  Hellion  
  163  9:23  Supply Depot  
  165  9:25  Supply Depot  
  165  9:26  Smart Servos  
  165  9:28  Hellion  
  165  9:30  Hellion  
  165  9:31  Hellion  
  163  9:36  Hellion  
  161  9:43  Missile Turret  
  161  9:44  SCV x2  
  161  9:45  Missile Turret  
  165  9:52  Missile Turret x2, Widow Mine  
  165  9:58  Terran Ship Weapons Level 2  
  165  10:01  Widow Mine  
  165  10:05  Missile Turret  
  168  10:10  Siege Tank  
  163  10:14  Hellion x2  
  163  10:15  Hellion  
  163  10:16  Hellion  
  158  10:21  Planetary Fortress  
  158  10:23  Widow Mine  
  158  10:26  Unknown  
  163  10:30  Liberator x2  
  163  10:34  SCV x2  
  163  10:35  SCV, Starport  
  169  10:36  Hellion x3  
  169  10:44  Siege Tank  
  169  10:46  SCV x2  
  169  10:47  SCV  
  178  10:51  Command Center  
  178  10:53  Hellion  
  178  10:54  Hellion  
  178  10:56  Hellion x2  
  182  11:02  SCV, Missile Turret, Sensor Tower  
  182  11:03  Hellion, Missile Turret  
  182  11:04  Hellion  
  180  11:08  SCV  
  180  11:11  SCV  
  174  11:13  Liberator  
  174  11:14  SCV  
  174  11:15  Thor  
  182  11:22  Supply Depot, Hellion  
  182  11:24  Supply Depot, Siege Tank  
  182  11:25  Siege Tank  
  186  11:26  Supply Depot, Liberator  
  186  11:29  Liberator  
  186  11:32  Hellion x2  
  193  11:40  Hellion  
  193  11:46  SCV  
  190  11:55  Neosteel Armor  
  190  11:56  Siege Tank, Liberator  
  190  11:57  Missile Turret  
  190  11:59  Missile Turret  
  190  12:00  Hellion x4  
  199  12:09  SCV  
  199  12:11  Terran Vehicle And Ship Armor Level 3  
  200  12:26  Hellion  
  200  12:27  Hellion, Siege Tank  
  195  12:39  Thor  
  195  12:42  Hellion  
  195  12:43  Orbital Command  
  191  12:44  Siege Tank  
  191  12:49  Refinery  
  191  12:51  Missile Turret  
  194  12:52  SCV x2, Starport Reactor, Viking, Refinery  
  194  12:53  Refinery, Missile Turret  
  194  12:54  Missile Turret  
  194  12:55  Hellion  
  194  12:59  Thor  
  195  13:13  Hellion  
  195  13:14  Hellion  
  195  13:16  Hellion x2, Siege Tank  
  138  13:29  Terran Vehicle Weapons Level 1  
  138  13:30  Liberator x2  
  138  13:31  Factory x2  
  127  13:34  Hellion  
  127  13:35  SCV, Hellion  
  127  13:36  SCV  
  127  13:37  Hellion  
  127  13:38  SCV x2, Hellion  
  128  13:42  Liberator  
  128  13:44  SCV  
  128  13:46  Missile Turret  
  128  13:48  SCV x2, Siege Tank  
  137  13:54  Hellbat, Thor  
  142  13:56  SCV, Widow Mine  
  142  13:57  Widow Mine  
  142  13:59  Sensor Tower  
  142  14:01  Hellion x2  
  150  14:10  Liberator  
  150  14:15  Thor  
  159  14:17  Hellion  
  159  14:19  Liberator  
  159  14:20  Thor  
  159  14:24  Factory Tech Lab  
  164  14:27  Hellion x2  
  164  14:28  Hellion x2  
  164  14:29  Factory Tech Lab  
  168  14:36  Thor  
  174  14:39  Hellion  
  176  14:48  SCV, Hellion  
  176  14:49  Hellion x3  
  176  14:51  Liberator  
  176  14:52  Command Center  
  186  14:55  Mag-Field Accelerator  
  186  14:56  Liberator  
  186  14:59  Hellion  
  194  15:00  Hellion  
  194  15:04  Hellion  
  195  15:07  Thor x4  
  195  15:08  Liberator  
  195  15:12  Widow Mine  
  195  15:13  Supply Depot  
  194  15:14  Supply Depot, Command Center  
  194  15:20  Supply Depot  
  197  15:21  Command Center  
  197  15:23  Terran Ship Weapons Level 3  
  197  15:24  Terran Vehicle Weapons Level 2  
  197  15:30  Hellion  
  199  15:42  Supply Depot  
  199  15:46  Hi-Sec Auto Tracking  
  199  15:51  Unknown  
  199  15:55  Liberator  
  199  15:58  Barracks Tech Lab  
  199  16:00  Starport x2, Barracks  
  199  16:03  Ghost Academy  
  199  16:04  Ghost Academy  
  199  16:08  Sensor Tower x2  
  198  16:13  Hellion  
  198  16:19  Hellion  
  197  16:26  Liberator  
  197  16:30  Siege Tank x2  
  200  16:37  Orbital Command  
  200  16:39  Orbital Command, Starport Tech Lab  
  200  16:44  Starport Tech Lab, Liberator  
  199  16:50  Hellion x5  
  199  16:58  Hellion x9  
  199  17:02  Barracks Tech Lab  
  199  17:03  Personal Cloaking  
  199  17:04  Nuke  
  199  17:05  Sensor Tower  
  199  17:20  Supply Depot  
  199  17:28  Widow Mine  
  200  17:33  Missile Turret  
  200  17:35  Missile Turret x3  
  200  17:37  Widow Mine  
  200  17:44  Missile Turret  
  200  17:48  Ghost  
  199  17:56  Thor  
  197  17:59  Thor  
  197  18:00  Thor, Liberator  
  197  18:02  Liberator  
  197  18:03  Hellion  
  197  18:05  Planetary Fortress  
  161  18:07  Liberator x2  
  161  18:09  Hellion  
  157  18:19  Hellion  
  136  18:24  Hellion x2  
  137  18:27  Enhanced Shockwaves  
  137  18:31  Hellion  
  137  18:32  Ghost x2  
  135  18:36  Hellion  
  135  18:37  Hellion  
  135  18:41  Hellion x2  
  143  18:42  Liberator  
  143  18:45  Hellion, Liberator  
  151  18:50  Liberator  
  151  18:51  Hellion x3  
  161  18:57  Hellion  
  161  19:02  Siege Tank  
  169  19:03  Ghost  
  169  19:05  Ghost  
  169  19:06  SCV  
  169  19:07  SCV  
  154  19:10  SCV x2  
  154  19:16  Nuke  
  155  19:19  Hellion  
  155  19:22  SCV  
  141  19:31  Liberator  
  141  19:32  Ghost  
  141  19:34  Liberator  
  141  19:37  SCV  
  151  19:41  Cyclone x2  
  157  19:46  SCV x3, Nuke  
  157  19:51  SCV  
  154  19:54  Missile Turret  
  154  19:55  SCV  
  154  19:58  Hellion  
  157  20:05  Hellion x2  
  162  20:07  Ghost  
  162  20:12  SCV x2  
  164  20:15  SCV  
  164  20:20  Ghost  
  167  20:25  Orbital Command  
  167  20:26  Siege Tank  
  171  20:36  Hellion x3  
  171  20:37  Missile Turret  
  171  20:38  Missile Turret  
  171  20:40  Terran Vehicle Weapons Level 3  
  171  20:45  Refinery  
  171  20:46  SCV  
  160  20:50  Refinery  
  160  20:59  SCV x2  
  160  21:00  SCV x2  
  161  21:06  Hellion  
  161  21:08  SCV  
  161  21:09  SCV  
  161  21:11  SCV x2, Siege Tank x2  
  167  21:12  SCV  
  167  21:18  Nuke  
  172  21:22  Hellion  
  161  21:26  Nuke  
  161  21:31  Hellion x2  
  165  21:35  Command Center  
  165  21:44  Liberator  
  168  21:48  Sensor Tower  
  168  21:49  Missile Turret  
  168  21:50  Missile Turret  
  168  21:52  Command Center  
  166  22:11  Siege Tank  
  166  22:14  Siege Tank  
  172  22:16  Siege Tank  
  172  22:19  Siege Tank  
  174  22:27  Orbital Command, Sensor Tower  
  176  22:31  Ghost  
  176  22:33  Hellion x3  
  182  22:37  Hellion  
  182  22:38  Hellion  
  182  22:42  Unknown  
  182  22:43  Hellion  
  188  22:46  Thor  
  188  22:50  Siege Tank  
  194  22:56  Missile Turret  
  194  22:57  Missile Turret  
  194  22:58  Missile Turret  
  194  22:59  Missile Turret x2  
  194  23:00  Missile Turret  
  197  23:07  Siege Tank  
  200  23:18  Orbital Command  
  191  23:23  Thor  
  195  23:29  Nuke  
  195  23:33  Liberator x2  
  195  23:51  Siege Tank  
  169  23:59  Hellion x3, Siege Tank  
  169  24:02  Thor x2  
  184  24:06  Hellion  
  172  24:21  Hellion x3  
  172  24:23  Hellion  
  172  24:24  SCV  
  176  24:25  SCV, Ghost  
  176  24:27  Barracks Tech Lab, Siege Tank  
  176  24:28  Liberator  
  176  24:31  Hellion  
  176  24:38  SCV x2  
  172  24:39  SCV x2  
  172  24:41  SCV x2  
  172  24:42  Hellion x3  
  172  24:45  Hellion x3  
  181  24:50  Ghost  
  183  24:53  Hellion  
  183  24:54  Ghost  
  183  24:55  SCV  
  183  24:56  SCV  
  183  24:59  Missile Turret  
  189  25:00  Hellion  
  189  25:01  Missile Turret  
  189  25:03  Hellion x2  
  189  25:04  Hellion  
  189  25:06  Hellion, Cyclone  
  200  25:07  Liberator  
  200  25:14  Hellion  
  200  25:21  Hellion  
  199  25:24  Nuke  
  199  25:25  Nuke  
  199  25:30  Ghost  
  199  25:32  SCV  
  199  25:33  SCV  
  187  25:38  Thor  
  187  25:40  Hellion x7  
  166  25:46  Hellion x2  
  166  25:47  Hellion x2  
  166  25:48  Hellion x2  
  128  26:03  SCV  
  131  26:07  Siege Tank  
  131  26:08  Hellion x2  
  131  26:09  Hellion x2, Cyclone  
  146  26:18  Missile Turret  
  146  26:22  Liberator x2  
  143  26:33  Hellion  
  143  26:35  Missile Turret  
  143  26:36  Refinery  
  143  26:37  Missile Turret  
  143  26:38  Cyclone  
  143  26:39  Hellion x3  
  150  26:40  Missile Turret  
  150  26:44  Hellion  

Tags
 
Add a new tag
Caveats
  • Supply blocks, unpowered buildings, or Contaminate may cause inaccurate times.
  • Supply counts are checked every 10 seconds.